 Dungeon Crawl Stone Soup version 0.28.0 (webtiles) character file.

Game seed: 11492583719964582765

340 Anothat the Skirmisher (level 6, 0/52 HPs)
             Began as a Formicid Fighter on Feb 12, 2022.
             Slain by a scorpion (2 damage)
             ... on level 3 of the Dungeon.
             The game lasted 00:03:29 (3390 turns).

Anothat the Skirmisher (Formicid Fighter)           Turns: 3390, Time: 00:03:29

Health: 0/52       AC:  9    Str: 23    XL:     6   Next: 87%
Magic:  6/6        EV:  9    Int:  5    God:
Gold:   145        SH:  5    Dex: 10    Spells: 5/5 levels left

rFire   . . .      SeeInvis +   a - +0 long sword
rCold   . . .      Faith    .   c - +0 buckler
rNeg    . . .      Spirit   .   b - +0 scale mail
rPois   .          Reflect  .   (helmet unavailable)
rElec   .          Harm     .   g - +1 cloak
rCorr   .          Rampage  .   (no gloves)
Will    .....                   (no boots)
Stlth   ..........              (no amulet)
HPRegen 0.17/turn               (no ring)
MPRegen 0.10/turn               (no ring)

@: mighty, lethally poisoned (0 -> -4), attractive
A: permanent stasis, dig shafts and tunnels, antennae 3, four strong arms, dopey
1
a: Dig, Shaft Self


You were on level 3 of the Dungeon.
You visited 1 branch of the dungeon, and saw 4 of its levels.

You collected 145 gold pieces.

Inventory:

Hand Weapons
 a - a +0 long sword (weapon)
Missiles
 o - 6 boomerangs
Armour
 b - a +0 scale mail (worn)
 c - a +0 buckler (worn)
 g - a +1 cloak (worn)
Jewellery
 l - a ring of wizardry
Scrolls
 h - a scroll of identify
 i - a scroll of enchant weapon {unknown}
 j - 3 scrolls of blinking
 k - a scroll of silence {unknown}
 q - a scroll of teleportation {unknown}
Potions
 d - a potion of might
 e - a potion of degeneration
 p - a potion of haste


   Skills:
 * Level 6.0 Fighting
 + Level 3.7 Long Blades
 - Level 3.2 Armour
 + Level 5.3 Shields


You had 5 spell levels left.
You didn't know any spells.
Your spell library contained the following spells:

 Spells                   Type           Power      Damage    Failure   Level
 Ensorcelled Hibernation  Hex/Ice        0%         N/A       94%         2
 Spider Form              Tmut/Pois      0%         N/A       99%         3
 Anguish                  Hex/Necr       0%         N/A       100%        4


Dungeon Overview and Level Annotations

Branches:
Dungeon (4/15)
 Temple: D:4-7

Altars:
Ashenzari
Sif Muna


Innate Abilities, Weirdness & Mutations

You cannot be hasted, slowed, berserked, paralysed or teleported.
You can dig through walls and to a lower floor.
You have a pair of large antennae on your head. (SInv)
Your four strong arms can wield two-handed weapons with a shield.
You are dopey. (Int -2)


Message History

* * * LOW HITPOINT WARNING * * *
You feel sick.
You feel sick.
You are no longer poisoned.
There is a stone staircase leading up here.
Okay, then.
You block the scorpion's attack.
You climb upwards.
There is a stone staircase leading down here.
It was a potion of haste.
Your stasis prevents you from being hasted.
You block the scorpion's attack. The scorpion barely misses you.
Okay, then.
Aiming: Paralyse
Press: ? - help, Shift-Dir - straight line, f - scorpion
Aim: a scorpion (chance to affect: 49%)
The scorpion resists with some effort.
The now-empty wand crumbles to dust.
The scorpion stings you.
* * * LOW HITPOINT WARNING * * *
You are lethally poisoned!
The scorpion poisons you!
It was a potion of mutation.
You feel extremely strange.
You feel stupid.
* * * LOW HITPOINT WARNING * * *
You feel very sick. You block the scorpion's attack.
It was a potion of attraction.
You feel attractive to monsters.
* * * LOW HITPOINT WARNING * * *
You feel very sick. The scorpion barely misses you.
You aren't carrying any items that you can evoke.
Okay, then.
You feel very mighty all of a sudden.
* * * LOW HITPOINT WARNING * * *
You feel sick. The scorpion closely misses you.
You barely miss the scorpion.
* * * LOW HITPOINT WARNING * * *
You feel sick. The scorpion stings you.
You die...

#.#.###############.# #
#######'#.[...............# #
.........########################
.........'.......................
.........#####...################
##############...# ######
#.......# .....#####.#####.#
...............s@#
###........###'########
#........#(.......(.#
#........#..........#
###........#..........#
...##......#..........#
...'.......#..........#
...##......#..........#
...##..###.#..........#


You could see a scorpion.

Vanquished Creatures
  A black bear (D:4)
  An ogre (D:4)
  A hound (D:2)
  Ijyb (D:3)
  An iguana (D:3)
  2 adders (D:2)
  2 worms (D:2)
  A dart slug (D:3)
  2 orcs
  2 bats (D:2)
  6 endoplasms
  5 giant cockroaches
  10 goblins
  6 hobgoblins
  7 jackals
  A quokka (D:2)
  4 ball pythons
  3 frilled lizards
  6 kobolds
  2 rats
64 creatures vanquished.

Notes
Turn   | Place    | Note
-------+----------+-------------------------------------------
     0 | D:1      | Anothat the Formicid Fighter began the quest for the Orb.
     0 | D:1      | Reached XP level 1. HP: 18/18 MP: 1/1
   264 | D:1      | Reached XP level 2. HP: 22/24 MP: 2/2
   820 | D:2      | Reached XP level 3. HP: 21/30 MP: 3/3
   827 | D:2      | Reached skill level 4 in Fighting
   920 | D:2      | Found a broken altar of Ashenzari.
  1047 | D:2      | Reached XP level 4. HP: 22/38 MP: 4/4
  1793 | D:2      | Reached XP level 5. HP: 42/43 MP: 5/5
  2478 | D:3      | Noticed Ijyb
  2509 | D:3      | Killed Ijyb
  2510 | D:3      | Reached skill level 5 in Fighting
  3014 | D:3      | Found a shimmering blue altar of Sif Muna.
  3317 | D:4      | Noticed an ogre
  3327 | D:4      | Killed an ogre
  3328 | D:4      | Reached skill level 5 in Shields
  3328 | D:4      | Reached XP level 6. HP: 49/52 MP: 6/6
  3358 | D:4      | Noticed a black bear
  3367 | D:4      | Killed a black bear
  3368 | D:4      | Reached skill level 6 in Fighting
  3387 | D:3      | Gained mutation: You are dopey. (Int -2) [potion of
                  | mutation]
  3390 | D:3      | HP: 2/52 [poisoned by a scorpion]
  3390 | D:3      | Slain by a scorpion

Illustrated notes

Levels and vault maps discovered:
D:1:      scummos_arrival_simple_crosswalls, layout_loops_ring,
          minmay_fountain_box
D:2:      cheibrodos_helix_gallery, layout_basic, basic_altar
D:3:      kennysheep_the_goblin_king, layout_basic,
          nicolae_sif_muna_little_library, minmay_hedge_maze
D:4:      layout_cave_pools, marbit_many_paths, gammafunk_ghost_gnarly_gnolls,
          nicolae_underground_beach

Skill      XL: |  1  2  3  4  5  6 |
---------------+-------------------+-----
Shields        | 4 5 |  5.3
Fighting       | 4 5 6 |  6.0
Long Blades    | 3 |  3.7
Armour         | |  3.2

Action                   |  1- 3 |  4- 6 || total
-------------------------+-------+-------++-------
Melee: Long sword        |    84 |   138 ||   222
Evoke: Wand              |       |     6 ||     6
  Use: Scroll            |       |     4 ||     4
       Potion            |       |     4 ||     4
 Stab: Paralysed         |       |     7 ||     7
Armor: Scale mail        |    61 |    60 ||   121
Dodge: Dodged            |    65 |    64 ||   129
Block: Buckler           |    30 |    31 ||    61
